[ AOE2 MATCH · #507228715 ]
UnrankedPoles vs Burgundians
Player's team · LOSS
[ REPLAY ANALYSIS · EXTRACTED FROM THE RECORDED GAME ]
Feudal
9:01
Castle
20:32
Imperial
—
| APM avg | 78.4 |
| APM peak | 129 |
| eAPM avg | 41.2 |
| Villagers / military | 65 / 19 |
Focus
⚔️ 15.3% · 🌾 84.7%
Archer ×17 · Mangonel ×2
Feudal
10:06
Castle
16:01
Imperial
—
| APM avg | 51.0 |
| APM peak | 89 |
| eAPM avg | 34.2 |
| Villagers / military | 52 / 93 |
Focus
⚔️ 53.3% · 🌾 46.7%
Flemish Militia ×77 · Scorpion ×9 · Battering Ram ×7
Match map
Initial resources + every placement click. Lines = walls · curves = elevation contours. ◆ gold · ⬟ stone · ● berries · ✦ relic · ◌ wall gap
Your base· ✓ Closed at 20:32 · 18t walls · 3 gate(s)
WhatIsYourStrategy's base· ✓ Closed at 16:01 · 0t walls · 4 gate(s)
Smoothed initial terrain · ◌ = detected wall gap · hover for details
Inputs per minute
— Mongolsbiene - - WhatIsYourStrategy
Build order — Mongolsbiene
First 150 of 186 actions detected
| 0:01 | Queue | Villager (Male) |
| 0:01 | Queue | Villager (Male) |
| 0:01 | Queue | Villager (Male) |
| 0:01 | Queue | Villager (Male) |
| 0:02 | Build | House |
| 0:06 | Build | House |
| 1:15 | Queue | Villager (Male) |
| 2:03 | Queue | Villager (Male) |
| 2:03 | Queue | Villager (Male) |
| 2:08 | Build | Lumber Camp |
| 2:17 | Queue | Villager (Male) |
| 2:39 | Queue | Villager (Male) |
| 2:39 | Queue | Villager (Male) |
| 2:55 | Queue | Villager (Male) |
| 3:38 | Queue | Villager (Male) |
| 3:58 | Build | Mill |
| 4:12 | Queue | Villager (Male) |
| 4:13 | Queue | Villager (Male) |
| 4:36 | Queue | Villager (Male) |
| 5:30 | Queue | Villager (Male) |
| 5:59 | Queue | Villager (Male) |
| 6:21 | Queue | Villager (Male) |
| 6:51 | Research | Feudal Age |
| 6:51 | Research | Feudal Age |
| 7:13 | Build | Mining Camp |
| 7:51 | Research | Loom |
| 7:51 | Queue | Villager (Male) |
| 8:29 | Queue | Villager (Male) |
| 8:41 | Build | House |
| 9:01 | Age | Feudal Age |
| 9:21 | Build | House |
| 9:30 | Research | Double-Bit Axe |
| 9:57 | Queue | Villager (Male) |
| 10:05 | Build | Watch Tower |
| 10:42 | Queue | Villager (Male) |
| 11:07 | Queue | Villager (Male) |
| 11:23 | Queue | Villager (Male) |
| 11:44 | Build | Watch Tower |
| 11:46 | Queue | Villager (Male) |
| 12:10 | Build | Watch Tower |
| 12:14 | Build | House |
| 12:17 | Build | House |
| 12:19 | Build | Palisade Wall |
| 12:24 | Queue | Villager (Male) |
| 12:28 | Build | Palisade Wall |
| 12:43 | Build | Blacksmith |
| 12:51 | Queue | Villager (Male) |
| 13:00 | Queue | Villager (Male) |
| 13:17 | Build | Watch Tower |
| 13:18 | Queue | Villager (Male) |
| 13:20 | Build | Palisade Wall |
| 13:27 | Build | Palisade Wall |
| 13:30 | Build | Palisade Wall |
| 13:32 | Build | Palisade Wall |
| 13:34 | Queue | Villager (Male) |
| 13:42 | Build | Market |
| 13:46 | Research | Fletching |
| 13:46 | Research | Fletching |
| 13:46 | Research | Fletching |
| 13:52 | Queue | Villager (Male) |
| 14:10 | Research | Fletching |
| 14:10 | Research | Fletching |
| 14:10 | Research | Fletching |
| 14:38 | Build | House |
| 14:39 | Build | House |
| 14:40 | Build | House |
| 15:03 | Queue | Villager (Male) |
| 15:15 | Build | Farm |
| 15:16 | Build | Farm |
| 15:19 | Build | Farm |
| 15:20 | Build | Farm |
| 15:22 | Build | Farm |
| 15:27 | Queue | Villager (Male) |
| 15:52 | Build | Farm |
| 15:55 | Queue | Villager (Male) |
| 16:03 | Build | Farm |
| 16:23 | Queue | Villager (Male) |
| 16:27 | Build | Farm |
| 16:31 | Build | Farm |
| 16:47 | Queue | Villager (Male) |
| 16:57 | Build | Watch Tower |
| 17:01 | Build | Palisade Wall |
| 17:01 | Build | Palisade Wall |
| 17:02 | Build | Palisade Wall |
| 17:03 | Build | Palisade Wall |
| 17:06 | Build | Palisade Wall |
| 17:07 | Build | Palisade Wall |
| 17:10 | Build | Palisade Wall |
| 17:10 | Build | Palisade Wall |
| 17:12 | Build | Palisade Wall |
| 17:13 | Build | Palisade Wall |
| 17:14 | Build | Palisade Wall |
| 17:15 | Build | Palisade Wall |
| 17:17 | Queue | Villager (Male) |
| 17:19 | Build | Farm |
| 17:20 | Build | Farm |
| 17:26 | Build | House |
| 17:28 | Build | House |
| 17:52 | Research | Castle Age |
| 17:53 | Research | Castle Age |
| 18:08 | Build | Watch Tower |
| 20:23 | Queue | Villager (Male) |
| 20:32 | Age | Castle Age |
| 20:36 | Queue | Villager (Male) |
| 20:40 | Build | Town Center |
| 20:43 | Build | Town Center |
| 21:05 | Build | Barracks |
| 21:09 | Research | Bodkin Arrow |
| 21:09 | Research | Bodkin Arrow |
| 21:25 | Queue | Villager (Male) |
| 21:27 | Research | Bow Saw |
| 21:30 | Research | Horse Collar |
| 21:44 | Build | Mill |
| 21:46 | Queue | Villager (Male) |
| 21:47 | Queue | Villager (Male) |
| 21:47 | Queue | Villager (Male) |
| 21:52 | Build | Lumber Camp |
| 21:58 | Queue | Villager (Male) |
| 21:58 | Queue | Villager (Male) |
| 21:58 | Queue | Villager (Male) |
| 21:58 | Queue | Villager (Male) |
| 22:02 | Build | Archery Range |
| 22:12 | Queue | Villager (Male) |
| 22:12 | Queue | Villager (Male) |
| 22:21 | Build | Farm |
| 22:21 | Build | Farm |
| 22:21 | Build | Farm |
| 22:21 | Build | Farm |
| 22:21 | Build | Farm |
| 22:21 | Build | Farm |
| 22:41 | Queue | Archer |
| 22:41 | Queue | Archer |
| 22:50 | Build | Archery Range |
| 22:56 | Queue | Villager (Male) |
| 22:56 | Queue | Villager (Male) |
| 22:59 | Build | Farm |
| 23:07 | Queue | Archer |
| 23:08 | Queue | Villager (Male) |
| 23:21 | Queue | Villager (Male) |
| 23:22 | Queue | Archer |
| 23:31 | Queue | Villager (Male) |
| 23:44 | Build | Siege Workshop |
| 23:45 | Queue | Villager (Male) |
| 23:46 | Queue | Villager (Male) |
| 23:46 | Queue | Villager (Male) |
| 23:50 | Queue | Villager (Male) |
| 23:55 | Queue | Archer |
| 23:55 | Queue | Archer |
| 24:06 | Build | House |
| 24:09 | Build | House |
Build order — WhatIsYourStrategy
First 150 of 212 actions detected
| 0:00 | Queue | Villager (Male) |
| 0:01 | Queue | Villager (Male) |
| 0:01 | Queue | Villager (Male) |
| 0:02 | Build | House |
| 0:03 | Build | House |
| 0:19 | Queue | Villager (Male) |
| 1:16 | Queue | Villager (Male) |
| 1:16 | Queue | Villager (Male) |
| 1:44 | Queue | Villager (Male) |
| 1:59 | Queue | Villager (Male) |
| 2:18 | Build | Lumber Camp |
| 2:28 | Queue | Villager (Male) |
| 2:47 | Queue | Villager (Male) |
| 2:53 | Research | Double-Bit Axe |
| 2:53 | Research | Double-Bit Axe |
| 2:54 | Queue | Villager (Male) |
| 2:54 | Queue | Villager (Male) |
| 2:54 | Queue | Villager (Male) |
| 3:12 | Queue | Villager (Male) |
| 3:33 | Queue | Villager (Male) |
| 3:59 | Queue | Villager (Male) |
| 4:08 | Build | House |
| 4:19 | Queue | Villager (Male) |
| 4:34 | Build | House |
| 4:42 | Queue | Villager (Male) |
| 4:50 | Queue | Villager (Male) |
| 5:06 | Build | Mill |
| 5:19 | Queue | Villager (Male) |
| 6:08 | Queue | Villager (Male) |
| 6:10 | Research | Horse Collar |
| 6:10 | Research | Horse Collar |
| 6:29 | Queue | Villager (Male) |
| 6:33 | Queue | Villager (Male) |
| 6:42 | Queue | Villager (Male) |
| 6:52 | Build | Farm |
| 7:51 | Research | Feudal Age |
| 8:02 | Build | Farm |
| 8:12 | Build | Farm |
| 8:47 | Queue | Villager (Male) |
| 8:50 | Build | Farm |
| 9:52 | Queue | Villager (Male) |
| 10:06 | Age | Feudal Age |
| 10:08 | Build | Market |
| 10:36 | Research | Loom |
| 10:37 | Queue | Villager (Male) |
| 10:49 | Build | Mining Camp |
| 10:51 | Queue | Villager (Male) |
| 10:59 | Build | Mining Camp |
| 11:15 | Queue | Villager (Male) |
| 11:19 | Build | House |
| 12:49 | Build | Blacksmith |
| 12:56 | Queue | Villager (Male) |
| 12:58 | Build | Farm |
| 12:59 | Build | Farm |
| 13:18 | Research | Castle Age |
| 13:18 | Research | Castle Age |
| 13:19 | Research | Castle Age |
| 13:19 | Research | Castle Age |
| 13:19 | Research | Castle Age |
| 13:19 | Research | Castle Age |
| 13:33 | Build | Watch Tower |
| 13:54 | Build | Barracks |
| 14:40 | Build | House |
| 14:44 | Queue | Villager (Male) |
| 14:45 | Queue | Villager (Male) |
| 14:50 | Queue | Flemish Militia |
| 14:50 | Queue | Flemish Militia |
| 14:50 | Queue | Flemish Militia |
| 14:52 | Research | Scale Mail Armor |
| 14:53 | Research | Scale Mail Armor |
| 15:39 | Research | Bow Saw |
| 15:56 | Build | House |
| 15:57 | Build | House |
| 16:01 | Age | Castle Age |
| 16:13 | Build | Siege Workshop |
| 16:24 | Build | Palisade Wall |
| 16:28 | Queue | Villager (Male) |
| 16:29 | Queue | Flemish Militia |
| 16:29 | Queue | Flemish Militia |
| 16:35 | Research | Chain Mail Armor |
| 16:35 | Research | Chain Mail Armor |
| 16:56 | Queue | Battering Ram |
| 16:57 | Queue | Battering Ram |
| 17:03 | Queue | Villager (Male) |
| 17:03 | Queue | Villager (Male) |
| 17:35 | Queue | Battering Ram |
| 17:35 | Queue | Battering Ram |
| 17:35 | Queue | Battering Ram |
| 17:43 | Queue | Flemish Militia |
| 17:43 | Queue | Flemish Militia |
| 17:44 | Queue | Flemish Militia |
| 18:00 | Queue | Villager (Male) |
| 18:16 | Queue | Flemish Militia |
| 18:16 | Queue | Flemish Militia |
| 18:19 | Queue | Flemish Militia |
| 18:19 | Queue | Flemish Militia |
| 18:19 | Queue | Flemish Militia |
| 18:20 | Queue | Flemish Militia |
| 18:20 | Queue | Flemish Militia |
| 18:20 | Queue | Flemish Militia |
| 19:01 | Queue | Flemish Militia |
| 19:02 | Queue | Flemish Militia |
| 19:13 | Queue | Battering Ram |
| 19:23 | Build | House |
| 19:23 | Build | House |
| 19:51 | Build | Town Center |
| 20:05 | Queue | Flemish Militia |
| 20:05 | Queue | Flemish Militia |
| 20:13 | Queue | Flemish Militia |
| 20:13 | Queue | Flemish Militia |
| 20:13 | Queue | Flemish Militia |
| 20:50 | Queue | Villager (Male) |
| 21:15 | Build | Farm |
| 21:15 | Build | Farm |
| 21:16 | Build | Farm |
| 21:19 | Build | Farm |
| 21:19 | Build | Farm |
| 21:19 | Build | Farm |
| 21:20 | Build | Farm |
| 21:20 | Build | Farm |
| 21:29 | Queue | Villager (Male) |
| 21:29 | Queue | Villager (Male) |
| 21:32 | Queue | Flemish Militia |
| 21:33 | Queue | Flemish Militia |
| 21:33 | Queue | Flemish Militia |
| 21:33 | Queue | Flemish Militia |
| 21:36 | Research | Squires |
| 21:52 | Build | Lumber Camp |
| 22:04 | Queue | Villager (Male) |
| 22:22 | Build | Farm |
| 22:22 | Build | Farm |
| 22:22 | Build | Farm |
| 22:23 | Build | Farm |
| 22:28 | Queue | Villager (Male) |
| 22:28 | Queue | Villager (Male) |
| 22:38 | Build | House |
| 22:39 | Build | House |
| 23:01 | Research | Forging |
| 23:04 | Queue | Villager (Male) |
| 23:05 | Queue | Villager (Male) |
| 23:06 | Queue | Villager (Male) |
| 23:06 | Queue | Villager (Male) |
| 23:06 | Queue | Villager (Male) |
| 23:08 | Build | Farm |
| 23:29 | Queue | Villager (Male) |
| 23:29 | Queue | Villager (Male) |
| 23:48 | Build | Siege Workshop |
| 24:06 | Queue | Flemish Militia |
| 24:07 | Queue | Flemish Militia |
| 24:35 | Queue | Scorpion |
Match timeline
| 9:01 | Mongolsbiene · age_up feudal |
| 10:06 | WhatIsYourStrategy · age_up feudal |
| 12:07 | WhatIsYourStrategy · first_market_sell 100 stone |
| 12:19 | Mongolsbiene · wall_segment Palisade Wall x1 |
| 12:28 | Mongolsbiene · wall_segment Palisade Wall x1 |
| 13:20 | Mongolsbiene · wall_segment Palisade Wall x1 |
| 13:27 | Mongolsbiene · wall_segment Palisade Wall x1 |
| 13:30 | Mongolsbiene · wall_segment Palisade Wall x1 |
| 13:32 | Mongolsbiene · wall_segment Palisade Wall x1 |
| 13:54 | WhatIsYourStrategy · first_building Barracks |
| 16:01 | WhatIsYourStrategy · age_up castle |
| 16:13 | WhatIsYourStrategy · first_building Siege Workshop |
| 16:24 | WhatIsYourStrategy · wall_segment Palisade Wall x6 |
| 16:31 | WhatIsYourStrategy · first_market_buy 100 food |
| 16:39 | Mongolsbiene · first_market_sell 100 stone |
| 16:44 | Mongolsbiene · first_market_buy 100 food |
| 17:01 | Mongolsbiene · wall_segment Palisade Wall x1 |
| 17:01 | Mongolsbiene · wall_segment Palisade Wall x1 |
| 17:02 | Mongolsbiene · wall_segment Palisade Wall x1 |
| 17:03 | Mongolsbiene · wall_segment Palisade Wall x1 |
| 17:06 | Mongolsbiene · wall_segment Palisade Wall x1 |
| 17:07 | Mongolsbiene · wall_segment Palisade Wall x1 |
| 17:10 | Mongolsbiene · wall_segment Palisade Wall x1 |
| 17:10 | Mongolsbiene · wall_segment Palisade Wall x1 |
| 17:12 | Mongolsbiene · wall_segment Palisade Wall x1 |
| 17:13 | Mongolsbiene · wall_segment Palisade Wall x1 |
| 17:14 | Mongolsbiene · wall_segment Palisade Wall x1 |
| 17:15 | Mongolsbiene · wall_segment Palisade Wall x1 |
| 20:32 | Mongolsbiene · age_up castle |
| 21:05 | Mongolsbiene · first_building Barracks |
| 22:02 | Mongolsbiene · first_building Archery Range |
| 23:44 | Mongolsbiene · first_building Siege Workshop |
| 26:16 | WhatIsYourStrategy · first_building Monastery |
| 29:09 | Mongolsbiene · resign |
[ AI ANALYSIS · 1 CREDIT ]
What really happened in this match?
Wolo.gg analyzes every decision: build order, eco, micro, common mistakes by bracket. Personalized analysis on WhatsApp or Discord in 30 seconds.
Civ guide
Poles
Perfil
Mongolsbiene